[Event "Team 45 45 League T43"]
[Site "Internet Chess Club"]
[Date "2009.12.29"]
[Round "8"]
[White "PaulKaspar"]
[Black "Ehab"]
[Result "1-0"]
[WhiteElo "1913"]
[BlackElo "1852"]
[Opening "Ruy Lopez (Spanish opening)"]
[ECO "C60"]
[Time "13:02:18"]
[TimeControl "2700+45"]

1. e4 e5 2. Nf3 Nc6 3. Bb5 Bd6 4. d3 Nge7 5. O-O O-O 6. Be3 a6 7. Bc4 b5 8. Bb3
Na5 9. c3 Nxb3 10. Qxb3 c5 11. Nbd2 Bb7 12. Rad1 Rc8 13. a4 Bc6 14. axb5 axb5
15. Ra1 Ng6 16. Bg5 Be7 17. Bxe7 Qxe7 18. d4 exd4 19. cxd4 c4 20. Qe3 d5 21. e5
f5 22. Ra5 f4 23. Qe2 Qb4 24. Ra2 Qe7 25. Rfa1 b4 26. h3 h6 27. Ra6 Rfd8 28. Qd1
Nf8 29. Nf1 Ne6 30. Qd2 Ra8 31. Rxa8 Rxa8 32. Rxa8+ Bxa8 33. N1h2 Bc6 34. Ne1
Ba4 35. Nhf3 Qb7 36. Nh4 Qb6 37. Nf5 Kh7 38. Ne7 Qb7 39. Nf5 g6 40. Nd6 Qb6 41.
Nf3 Qa5 42. Qc1 Qc7 43. Qa1 Bb3 44. Qa8 c3 45. Ne8 Qd8 46. Qb7+ Kh8 47. Nf6 Ng7
48. Nh4 Bc2 49. Qxb4 cxb2 50. Qxb2 Bf5 51. Qa2 g5 52. Nxf5 Nxf5 53. Qc2 Qa5 54.
Qxf5 Qe1+ 55. Kh2 {Black resigns} 1-0

[Event "Team 45 45 League T43"]
[Site "Internet Chess Club"]
[Date "2009.12.17"]
[Round "8"]
[White "eurander"]
[Black "BadHabitMarco"]
[Result "1-0"]
[WhiteElo "2214"]
[BlackElo "1983"]
[Opening "Sicilian: Alapin's variation (2.c3)"]
[ECO "B22"]
[Time "14:30:09"]
[TimeControl "2700+45"]

1. e4 c5 2. c3 Qa5 3. Nf3 Nc6 4. Na3 e6 5. Be2 d5 6. exd5 exd5 7. d4 c4 8. Nc2
Bd6 9. O-O Nf6 10. Ne3 O-O 11. Qc2 Re8 12. Re1 Ng4 13. h3 Nf6 14. Nh2 Nxd4 15.
Qd1 Nxe2+ 16. Rxe2 Be6 17. Nf3 Rad8 18. Nd4 a6 19. Nef5 Bb8 20. Be3 Qc7 21. g3
Nh5 22. Bg5 Nf6 23. Bxf6 gxf6 24. Re1 Bxf5 25. Rxe8+ Rxe8 26. Nxf5 Kh8 27. Qxd5
Re5 28. Qf3 Qd7 29. Ne3 Qxh3 30. Qxf6+ Kg8 31. Rd1 Bc7 32. Rd4 Rh5 33. Rg4+ Kf8
34. Qg7+ Ke7 35. Re4+ Kd6 36. Qf6+ Kc5 37. Rxc4+ Kb5 38. Rb4+ Kc5 39. Qd4+ Kc6
40. Rc4+ Kb5 41. a4+ Ka5 42. Rc5+ Rxc5 43. Qxc5+ Kxa4 44. Qb4# {Black
checkmated} 1-0

[Event "Team 45 45 League T43"]
[Site "Internet Chess Club"]
[Date "2009.12.20"]
[Round "8"]
[White "Paulkov"]
[Black "pestka"]
[Result "1/2-1/2"]
[WhiteElo "2064"]
[BlackElo "2242"]
[Opening "Philidor: Improved Hanham variation"]
[ECO "C41"]
[Time "15:30:30"]
[TimeControl "2700+45"]

1. e4 e5 2. Nf3 d6 3. d4 Nf6 4. Nc3 Nbd7 5. Bc4 Be7 6. O-O O-O 7. dxe5 dxe5 8.
Qe2 c6 9. a4 Qc7 10. h3 Nc5 11. Rd1 a5 12. Be3 Ncxe4 13. Nxe4 Nxe4 14. Bb6 Qxb6
15. Qxe4 Be6 16. Bxe6 fxe6 17. Qxe5 Kh8 18. Rab1 Rfe8 19. Qe2 Bf6 20. b3 Rad8
21. Rxd8 Qxd8 22. Rd1 {Game drawn by mutual agreement} 1/2-1/2

[Event "Team 45 45 League T43"]
[Site "Internet Chess Club"]
[Date "2009.12.21"]
[Round "8"]
[White "awb"]
[Black "poni"]
[Result "0-1"]
[WhiteElo "1736"]
[BlackElo "1956"]
[Opening "Pirc defense"]
[ECO "B07"]
[Time "12:03:18"]
[TimeControl "2700+45"]

1. e4 d6 2. d4 Nf6 3. Nc3 e5 4. dxe5 dxe5 5. Qxd8+ Kxd8 6. Nf3 Bd6 7. Bc4 Be6 8.
Bxe6 fxe6 9. Bg5 Ke7 10. O-O-O a6 11. Bh4 Nd7 12. Rhe1 b5 13. Bg3 Rhb8 14. h3 a5
15. Re3 a4 16. Nb1 b4 17. Nfd2 Nb6 18. c3 Nfd7 19. cxb4 Bxb4 20. Nc3 Ra5 21. a3
Bc5 22. Rd3 Bd4 23. Nf3 c5 24. Ne2 Rc8 25. Kb1 Nc4 26. Nexd4 cxd4 27. Rc1 Rac5
28. Ka2 Rb8 29. Rc2 Rcb5 30. Ka1 Rxb2 31. Rxb2 Rxb2 32. Bh4+ Ke8 33. Ng5 Nc5 34.
Rf3 d3 35. Rxd3 Nxd3 36. Nxe6 Kf7 37. Nd8+ Kg6 38. Nc6 h6 39. g3 Kh5 40. Ne7 Nc5
{White resigns} 0-1

[Event "Team 45 45 League T43"]
[Site "Internet Chess Club"]
[Date "2009.12.20"]
[Round "8"]
[White "koni"]
[Black "tourettes"]
[Result "1/2-1/2"]
[WhiteElo "2009"]
[BlackElo "1640"]
[Opening "English opening"]
[ECO "A05"]
[Time "13:10:41"]
[TimeControl "2700+45"]

1. Nf3 Nf6 2. c4 e6 3. Nc3 Be7 4. d4 d5 5. cxd5 exd5 6. Bg5 Nbd7 7. e3 O-O 8.
Bd3 h6 9. Bh4 c6 10. Qc2 Qc7 11. O-O Bd6 12. a3 b6 13. b4 Bb7 14. Rfc1 Qb8 15.
Rab1 Ng4 16. Bf5 Ngf6 17. a4 Kh8 18. a5 g5 19. Bxd7 Nxd7 20. Qf5 Qd8 21. Bg3
Bxg3 22. hxg3 Qe7 23. Kh2 Qe6 24. Qc2 bxa5 25. bxa5 Ba6 26. Rh1 Kg7 27. Kg1 Qg6
28. Qc1 Rab8 29. Ne5 Nxe5 30. dxe5 Rxb1 31. Nxb1 Rb8 32. Nd2 Bc4 33. e4 Rb5 34.
f4 gxf4 35. gxf4 Bd3 36. f5 Qg5 37. Qc3 Qe3+ 38. Kh2 Rc5 39. Qb4 Qf4+ 40. Kh3
Qe3+ {Game drawn by mutual agreement} 1/2-1/2

[Event "Team 45 45 League T43"]
[Site "Internet Chess Club"]
[Date "2009.12.19"]
[Round "8"]
[White "fishhead"]
[Black "zepled37"]
[Result "1/2-1/2"]
[WhiteElo "1989"]
[BlackElo "1744"]
[Opening "Sicilian: Najdorf variation"]
[ECO "B98"]
[Time "15:16:53"]
[TimeControl "2700+45"]

1. e4 c5 2. Nf3 d6 3. d4 cxd4 4. Nxd4 Nf6 5. Nc3 e6 6. Bg5 a6 7. f4 Be7 8. Qf3
Qc7 9. O-O-O Bd7 10. Qg3 O-O 11. e5 dxe5 12. fxe5 Nh5 13. Qh4 Bxg5+ 14. Qxg5 g6
15. g4 Ng7 16. Ne4 Ne8 17. Nf6+ Kg7 18. Rd3 Rh8 19. Rh3 h6 20. Nxe8+ Bxe8 21.
Qf6+ Kg8 22. Qf4 g5 23. Qe4 Bc6 24. Nxc6 Nxc6 25. Re3 Rc8 26. Kb1 Nxe5 27. Rc3
Nc6 28. h4 Qf4 29. Bg2 Kg7 30. Qxf4 gxf4 31. Re1 Rhd8 32. a3 Kf6 33. Rc5 Rd6 34.
Rh5 {Game drawn by mutual agreement} 1/2-1/2

[Event "Team 45 45 League T43"]
[Site "Internet Chess Club"]
[Date "2009.12.20"]
[Round "8"]
[White "bmw2002"]
[Black "isolani"]
[Result "1/2-1/2"]
[WhiteElo "1555"]
[BlackElo "1561"]
[Opening "English, 1...Nf6 (Anglo-Indian defense)"]
[ECO "A15"]
[Time "10:05:18"]
[TimeControl "2700+45"]

1. c4 Nf6 2. g3 e5 3. Bg2 d6 4. Nc3 Be7 5. Nf3 O-O 6. O-O a5 7. d4 Nbd7 8. dxe5
dxe5 9. h3 c6 10. Be3 Qc7 11. Qc2 Re8 12. Rfd1 Nc5 13. Ng5 Ne6 14. Nge4 Nxe4 15.
Nxe4 f5 16. Nc3 f4 17. Bd2 Nd4 18. Qb1 Bf5 19. Qc1 Bb4 20. e3 Bxc3 21. exd4 Bxd2
22. Qxd2 fxg3 23. fxg3 e4 24. Qe3 Rad8 {Game drawn by mutual agreement} 1/2-1/2

[Event "Team 45 45 League T43"]
[Site "Internet Chess Club"]
[Date "2009.12.18"]
[Round "8"]
[White "joshtournman"]
[Black "BrerRabbit"]
[Result "1-0"]
[WhiteElo "1449"]
[BlackElo "1505"]
[Opening "King's Indian: Andersson variation"]
[ECO "E92"]
[Time "19:01:55"]
[TimeControl "2700+45"]

1. d4 Nf6 2. c4 g6 3. Nc3 Bg7 4. e4 d6 5. Nf3 O-O 6. Be2 e5 7. dxe5 dxe5 8. Qxd8
Rxd8 9. Be3 Ng4 10. Bd2 Re8 11. Nd5 Na6 12. c5 c6 13. Bxa6 cxd5 14. Bb5 Re7 15.
exd5 a6 16. d6 axb5 17. dxe7 Bd7 18. h3 Nh6 19. Bxh6 Bxh6 20. Nxe5 Be6 21. Rd1
Bg5 22. Rd8+ Rxd8 23. exd8=Q+ Bxd8 24. b3 f6 25. Nf3 Ba5+ 26. Ke2 Bb4 27. Nd4
Bd7 28. Rc1 Kf7 29. c6 bxc6 30. Nxc6 Ba3 31. Rc2 Bf5 32. Rd2 Ke8 33. Nd4 Bd7 34.
g4 Bc5 35. f4 b4 36. f5 Bxd4 37. Rxd4 gxf5 38. gxf5 Bxf5 39. Rxb4 Bxh3 40. Rh4
Bf5 41. a4 Bc2 42. a5 Bxb3 43. Rxh7 Bc4+ 44. Ke3 Kd8 45. Rh6 Kc8 46. Rxf6 Kb7
47. Kd4 Ba6 48. Kc5 Be2 49. Rb6+ Ka7 50. Kc6 Ba6 51. Rb2 Bf1 52. Rf2 Bd3 53. Kc5
Ka6 54. Kb4 Ka7 55. Rf6 Be2 56. Kc5 Bd3 57. Rd6 Be2 58. Kc6 Bf1 59. Kc7 Be2 60.
a6 Bxa6 61. Rd2 Bc4 62. Rd4 Bb5 63. Rb4 Ka6 64. Rb3 Ka5 65. Kd6 Kb6 66. Kd5 Ka5
67. Kc5 Be8 68. Ra3+ Ba4 69. Kc4 Kb6 70. Rxa4 Kc6 71. Ra6+ Kb7 72. Kb5 Kc7 73.
Rb6 Kd7 74. Rc6 Ke7 75. Kc5 Kd7 76. Kd5 Ke7 77. Rd6 Kf7 78. Re6 Kg7 79. Ke5 Kf7
80. Kf5 Kg7 81. Rf6 Kh7 82. Rg6 Kh8 83. Kf6 Kh7 84. Kf7 Kh8 85. Rh6# {Black
checkmated} 1-0

[Event "Team 45 45 League T43"]
[Site "Internet Chess Club"]
[Date "2009.12.19"]
[Round "8"]
[White "sly20"]
[Black "arconia"]
[Result "0-1"]
[WhiteElo "1511"]
[BlackElo "1370"]
[Opening "Queen's pawn game"]
[ECO "A45"]
[Time "16:00:12"]
[TimeControl "2700+45"]

1. d4 Nf6 2. Nc3 e6 3. e4 c6 4. Bg5 Be7 5. Qd2 O-O 6. Bd3 d6 7. O-O-O b5 8. h4
a5 9. e5 Nd5 10. Nxd5 exd5 11. f4 b4 12. h5 dxe5 13. dxe5 a4 14. f5 Bxg5 15. h6
Bxd2+ 16. Rxd2 g6 17. f6 Qb6 18. Nf3 c5 19. Nh4 a3 20. b3 c4 21. Be2 cxb3 22.
cxb3 Qe3 23. Nf3 Bf5 24. Kd1 Qc3 25. Ke1 Nc6 26. Kf2 Nxe5 27. Rhd1 Ng4+ {White
resigns} 0-1

[Event "Team 45 45 League T43"]
[Site "Internet Chess Club"]
[Date "2009.12.18"]
[Round "8"]
[White "wbanks"]
[Black "blackjack721"]
[Result "1-0"]
[WhiteElo "1544"]
[BlackElo "1636"]
[Opening "Ruy Lopez: closed, 7...O-O"]
[ECO "C88"]
[Time "18:00:12"]
[TimeControl "2700+45"]

1. e4 e5 2. Nf3 Nc6 3. Bb5 Nf6 4. O-O a6 5. Ba4 Be7 6. Re1 b5 7. Bb3 O-O 8. h3
d5 9. exd5 Nxd5 10. Nxe5 Nxe5 11. Rxe5 c6 12. d4 Bd6 13. Re1 Nf4 14. Qf3 Qf6 15.
Bxf4 Bxf4 16. Nc3 Qg5 17. g3 Bxh3 18. Qxf4 Qg6 19. Ne4 Kh8 20. c3 f5 21. Ng5 Qh5
22. Nxh3 Qxh3 23. Re7 Rf6 24. Rae1 Raf8 25. Re8 h5 26. Rxf8+ Rxf8 27. Re6 Kh7
28. Qg5 Qg4 29. Qxg4 fxg4 30. Rxc6 a5 31. Rb6 Rf3 32. Rxb5 a4 33. Bxa4 Kh6 34.
Bc2 g5 35. Rf5 h4 36. Rxf3 gxf3 37. g4 Kg7 38. a4 Kf6 39. a5 Ke6 40. Be4 Kd6 41.
c4 Kc7 42. Bxf3 Kb8 43. Bg2 Ka7 44. b4 Ka6 45. Kf1 Ka7 46. Ke2 {Black resigns}
1-0

[Event "Team 45 45 League T43"]
[Site "Internet Chess Club"]
[Date "2009.12.22"]
[Round "8"]
[White "Kallistos"]
[Black "dinkola"]
[Result "1-0"]
[WhiteElo "1633"]
[BlackElo "1685"]
[Opening "Alekhine's defense: Scandinavian variation"]
[ECO "B02"]
[Time "15:03:48"]
[TimeControl "2700+45"]

1. e4 Nf6 2. Nc3 d5 3. e5 d4 4. exf6 dxc3 5. fxg7 cxd2+ 6. Bxd2 Bxg7 7. c3 Nc6
8. Bb5 Bd7 9. Nf3 a6 10. Ba4 Ne5 11. Bc2 Bg4 12. h3 Bxf3 13. gxf3 Nd3+ 14. Bxd3
Qxd3 15. Be3 O-O-O 16. Qxd3 Rxd3 17. Ke2 Rhd8 18. Rad1 Rxd1 19. Rxd1 Rxd1 20.
Kxd1 e5 21. f4 e4 22. Ke2 Kd7 23. f3 f5 24. fxe4 fxe4 25. f5 Ke7 26. Bc5+ Kd7
27. Ke3 Kc6 28. Bd4 Bxd4+ 29. cxd4 Kd5 30. b4 b5 31. h4 c6 32. h5 h6 33. a3
{Black resigns} 1-0

[Event "Team 45 45 League T43"]
[Site "Internet Chess Club"]
[Date "2009.12.29"]
[Round "8"]
[White "slipkid"]
[Black "jacknor"]
[Result "1/2-1/2"]
[WhiteElo "1549"]
[BlackElo "1507"]
[Opening "Sicilian: Alapin's variation (2.c3)"]
[ECO "B22"]
[Time "09:00:04"]
[TimeControl "2700+45"]

1. e4 c5 2. c3 d6 3. d4 Nd7 4. Nf3 Ngf6 5. Bd3 g6 6. O-O Bg7 7. Bg5 O-O 8. Nbd2
cxd4 9. cxd4 h6 10. Bh4 g5 11. Bg3 Nh5 12. Nb3 a6 13. Rc1 b5 14. Re1 Nxg3 15.
hxg3 e5 16. dxe5 dxe5 17. Qe2 Qb6 18. Rc2 Bb7 19. Qe3 Qxe3 20. Rxe3 Rac8 21. Na5
Rxc2 22. Bxc2 Ba8 23. Rc3 Nb6 24. Nb3 Rc8 25. Rxc8+ Nxc8 26. Nc5 a5 27. a3 Nd6
28. b4 axb4 29. axb4 f6 30. Nd2 Kf7 31. Bb3+ Ke7 32. f3 h5 33. Ne6 Bh6 34. Nb1
f5 35. exf5 Nxf5 36. Kf2 Nd4 37. Nxd4 exd4 38. Bc2 Kd6 39. Na3 Bg7 40. Nxb5+ Kc6
41. Bd3 Kb6 42. f4 gxf4 43. gxf4 Bc6 44. Na3 Bd5 45. g3 Bf6 46. Nc4+ Kc7 47. Ne5
Kd6 48. Bg6 Bxe5 49. fxe5+ Kxe5 50. Bxh5 Be4 51. b5 Kd6 52. g4 Kc5 53. Be8 d3
54. Ke3 Bh7 55. g5 Kb6 56. g6 Bxg6 57. Bxg6 Kxb5 58. Bxd3+ {Game drawn because
neither player has mating material} 1/2-1/2

[Event "Team 45 45 League T43"]
[Site "Internet Chess Club"]
[Date "2009.12.26"]
[Round "8"]
[White "werty"]
[Black "MikeA"]
[Result "0-1"]
[WhiteElo "1522"]
[BlackElo "1838"]
[Opening "QGD semi-Slav"]
[ECO "D43"]
[Time "14:41:58"]
[TimeControl "2700+45"]

1. d4 d5 2. Nf3 Nf6 3. c4 c6 4. Nc3 e6 5. Bg5 Be7 6. e3 O-O 7. Bd3 dxc4 8. Bxc4
b5 9. Bd3 Bb7 10. O-O Nbd7 11. a3 h6 12. Bh4 Re8 13. Rc1 a6 14. Bb1 c5 15. dxc5
Nxc5 16. Qxd8 Rexd8 17. b4 Nb3 18. Rcd1 Bxf3 19. Rxd8+ Rxd8 20. Bxf6 Bxf6 {White
resigns} 0-1

[Event "Team 45 45 League T43"]
[Site "Internet Chess Club"]
[Date "2009.12.20"]
[Round "8"]
[White "AVEMARIA"]
[Black "Wheels"]
[Result "1/2-1/2"]
[WhiteElo "1760"]
[BlackElo "1951"]
[Opening "Sicilian: Alapin's variation (2.c3)"]
[ECO "B22"]
[Time "12:03:07"]
[TimeControl "2700+45"]

1. e4 c5 2. c3 g6 3. d4 cxd4 4. cxd4 d5 5. exd5 Nf6 6. Bb5+ Nbd7 7. Nc3 Bg7 8.
d6 exd6 9. Qe2+ Kf8 10. Bf4 Nb6 11. Nf3 a6 12. Bd3 Nbd5 13. Bg5 Qe8 14. O-O Qxe2
15. Bxe2 Bf5 16. Rac1 Rc8 17. Nxd5 Nxd5 18. Rxc8+ Bxc8 19. Rc1 Bd7 20. Bc4 Nb6
21. Bf4 Nxc4 22. Rxc4 Ke7 23. Rc7 Rb8 24. b3 h6 25. h3 g5 26. Be3 Kd8 27. Rc2
Bf5 28. Rc1 Rc8 29. Rxc8+ Kxc8 30. Nd2 d5 31. Nf3 f6 32. Nd2 Bf8 33. g4 Be6 34.
f4 Kc7 35. fxg5 hxg5 36. Nb1 Kb6 37. Kf2 Kb5 38. Ke2 Bf7 39. a3 Bg6 40. Nc3+ Kc6
41. b4 Bd6 42. Bc1 Bf7 {Game drawn by mutual agreement} 1/2-1/2

[Event "Team 45 45 League T43"]
[Site "Internet Chess Club"]
[Date "2009.12.17"]
[Round "8"]
[White "Portola"]
[Black "musk6868"]
[Result "0-1"]
[WhiteElo "1653"]
[BlackElo "1729"]
[Opening "Dutch"]
[ECO "A80"]
[Time "21:01:27"]
[TimeControl "2700+45"]

1. d4 f5 2. Nf3 Nf6 3. Bf4 g6 4. e3 Bg7 5. h3 d6 6. Bc4 Nc6 7. a3 e6 8. Nc3 O-O
9. O-O h6 10. Bh2 Kh7 11. Bd3 Qe7 12. Qe2 a6 13. Nd2 e5 14. dxe5 Nxe5 15. Rfe1
Bd7 16. e4 Nxd3 17. cxd3 fxe4 18. dxe4 Rae8 19. Nf3 Bc6 20. Nd2 Nh5 21. f3 Qg5
22. Nb3 Nf4 23. Bxf4 Qxf4 24. Qe3 Qg3 25. Ne2 Qe5 26. Ned4 Bd7 27. Rad1 Ba4 28.
Rd3 c5 29. Ne2 Qxb2 30. Nd2 Qf6 31. Qf2 Bc6 32. Qg3 Rd8 33. f4 Qe6 34. Rf1 Bxe4
35. Nxe4 Qxe4 36. Re3 Qf5 37. Qf3 d5 38. Ng3 Qd7 39. Kh2 b5 40. Rfe1 d4 41. Re7
Qd5 42. Qg4 h5 43. Qh4 Kh8 44. Ne4 Rde8 45. Kh1 Rxe7 46. Qxe7 c4 47. Ng5 d3 48.
Re5 Qg8 49. Re1 Bf6 50. Qd7 Bxg5 51. fxg5 Rd8 52. Qe7 Qf8 53. Qe5+ Kg8 54. Qe6+
Qf7 55. Qb6 Re8 56. Rd1 Qe6 57. Qc5 d2 58. Kh2 Qe5+ 59. Qxe5 Rxe5 60. Rxd2 Rxg5
61. Rc2 a5 62. Kg1 Rc5 63. Kf2 b4 64. axb4 axb4 65. Ke3 b3 66. Rc1 b2 67. Rb1 c3
68. Kd3 c2 {White resigns} 0-1

[Event "Team 45 45 League T43"]
[Site "Internet Chess Club"]
[Date "2009.12.26"]
[Round "8"]
[White "GadsHill"]
[Black "g8wrb"]
[Result "1-0"]
[WhiteElo "1551"]
[BlackElo "1422"]
[Opening "Queen's Indian: 4.e3"]
[ECO "E14"]
[Time "15:01:51"]
[TimeControl "2700+45"]

1. d4 Nf6 2. c4 e6 3. Nf3 b6 4. e3 Bb7 5. Bd3 d5 6. cxd5 Nxd5 7. O-O Bd6 8. Nc3
c5 9. Nb5 cxd4 10. Nbxd4 O-O 11. e4 Nf4 12. Re1 Nxd3 13. Qxd3 Ba6 14. Qb3 e5 15.
Nf5 Nc6 16. Bg5 Qc7 17. Rac1 Bc5 18. Be3 Bxe3 19. Qxe3 Rac8 20. Rxc6 Qxc6 21.
Ne7+ Kh8 22. Nxc6 Rxc6 23. Nxe5 Re6 24. Nf3 Bb7 25. Nd2 Rfe8 26. f3 f5 27. Qd3
fxe4 28. Nxe4 Bxe4 29. Rxe4 Rxe4 30. fxe4 {Black resigns} 1-0

[Event "Team 45 45 League T43"]
[Site "Internet Chess Club"]
[Date "2009.12.20"]
[Round "8"]
[White "AtomicDog"]
[Black "jericho121"]
[Result "0-1"]
[WhiteElo "1310"]
[BlackElo "1525"]
[Opening "Pirc: Austrian attack, 6.Bd3"]
[ECO "B09"]
[Time "10:00:54"]
[TimeControl "2700+45"]

1. e4 d6 2. d4 Nf6 3. Nc3 g6 4. f4 Bg7 5. Nf3 O-O 6. Bd3 Bg4 7. Rg1 c5 8. d5 Qb6
9. Kf1 Nbd7 10. Be3 Qxb2 11. Bd2 Nxe4 12. Bxe4 Bxc3 13. Rb1 Qa3 14. Rb3 Qa6+ 15.
Bd3 c4 16. Be2 Bg7 17. Be3 b5 18. Rb1 Nf6 19. h3 Bd7 20. Bf2 Qb7 21. Bxc4 Rac8
22. Be2 Nxd5 23. a4 Nc3 24. Rxb5 Bxb5 {White resigns} 0-1

[Event "Team 45 45 League T43"]
[Site "Internet Chess Club"]
[Date "2009.12.21"]
[Round "8"]
[White "Invicta-Knight"]
[Black "ILRE"]
[Result "0-1"]
[WhiteElo "1491"]
[BlackElo "1578"]
[Opening "Pirc: classical, h3 system"]
[ECO "B07"]
[Time "05:55:01"]
[TimeControl "2700+45"]

1. e4 d6 2. d4 g6 3. Nc3 Nf6 4. h3 Bg7 5. Nf3 O-O 6. Bg5 Nbd7 7. Qd2 e5 8. d5 a6
9. Bh6 Nc5 10. Bxg7 Kxg7 11. Qe3 a5 12. g4 Bd7 13. Be2 c6 14. Nh2 cxd5 15. exd5
Rb8 16. g5 Ng8 17. h4 Ne7 18. O-O-O b5 19. Nf3 b4 20. Nb1 Qc7 21. b3 a4 22. Nbd2
Nf5 {White resigns} 0-1

[Event "Team 45 45 League T43"]
[Site "Internet Chess Club"]
[Date "2009.12.19"]
[Round "8"]
[White "EyeAm"]
[Black "Helaman"]
[Result "1-0"]
[WhiteElo "1636"]
[BlackElo "1457"]
[Opening "Petrov: modern attack, Symmetrical variation"]
[ECO "C43"]
[Time "18:00:08"]
[TimeControl "2700+45"]

1. e4 e5 2. Nf3 Nf6 3. d4 Nxe4 4. Nxe5 d5 5. Bd3 Nd6 6. O-O Be7 7. Nc3 Be6 8.
Qh5 Nc6 9. Nxc6 bxc6 10. Re1 Bf6 11. Rxe6+ Kd7 12. Re2 Bxd4 13. Qg4+ {Black
resigns} 1-0

[Event "Team 45 45 League T43"]
[Site "Internet Chess Club"]
[Date "2009.12.21"]
[Round "8"]
[White "BrandonBee"]
[Black "stputte"]
[Result "1-0"]
[WhiteElo "1580"]
[BlackElo "1442"]
[Opening "Alekhine's defense: modern, Larsen variation"]
[ECO "B04"]
[Time "14:00:08"]
[TimeControl "2700+45"]

1. e4 Nf6 2. e5 Nd5 3. d4 d6 4. Nf3 dxe5 5. dxe5 Bf5 6. Bd3 Bxd3 7. Qxd3 Nc6 8.
c3 e6 9. O-O Bc5 10. Bg5 Nde7 11. Qe2 Qc8 12. Nbd2 Nf5 13. Nb3 Be7 14. Rad1 O-O
15. Bxe7 Ncxe7 16. g4 Nh6 17. h3 b6 18. Nbd4 Qb7 19. Nh4 Nd5 20. f4 Kh8 21. Qf3
Qa6 22. g5 Ng8 23. a3 c5 24. Ne2 Nge7 25. Ng3 Qc4 26. Ng2 Rad8 27. Ne3 Nxe3 28.
Qxe3 Nd5 29. Qf3 Qb5 30. f5 Qe8 31. c4 Ne7 32. f6 gxf6 33. Qxf6+ Kg8 34. Nh5 Nf5
35. Rxf5 Rxd1+ 36. Rf1 Rxf1+ 37. Kxf1 {Black resigns} 1-0

[Event "Team 45 45 League T43"]
[Site "Internet Chess Club"]
[Date "2009.12.18"]
[Round "8"]
[White "orrgroup"]
[Black "Visin"]
[Result "0-1"]
[WhiteElo "1229"]
[BlackElo "1269"]
[Opening "Bishop's opening"]
[ECO "C23"]
[Time "14:00:11"]
[TimeControl "2700+45"]

1. e4 e5 2. Bc4 Nc6 3. c3 Nf6 4. d3 Be7 5. h3 O-O 6. Ne2 Na5 7. Nd2 Nxc4 8. Nxc4
d6 9. Ng3 b5 10. Ne3 c5 11. O-O Bb7 12. b3 Re8 13. c4 a6 14. a4 Bc6 15. a5 bxc4
16. Nxc4 Nd7 17. Nf5 g6 18. Nfxd6 Bxd6 19. Nxd6 Re6 20. Nc4 Rb8 21. Bh6 Bb5 22.
f4 Bxc4 23. bxc4 Qh4 24. Bg5 Qh5 25. Rf3 exf4 26. Bxf4 Rbe8 27. Qe1 Ne5 28. g4
Nxf3+ 29. Kf2 Qxh3 30. g5 Nxe1 31. Rxe1 Qxd3 {White resigns} 0-1

[Event "Team 45 45 League T43"]
[Site "Internet Chess Club"]
[Date "2009.12.19"]
[Round "8"]
[White "Tamarin"]
[Black "The-Capitalist"]
[Result "0-1"]
[WhiteElo "1401"]
[BlackElo "1368"]
[Opening "Queen's pawn: Chigorin variation"]
[ECO "D00"]
[Time "21:00:12"]
[TimeControl "2700+45"]

1. d4 d5 2. Nc3 Nf6 3. Nf3 g6 4. Bg5 Nbd7 5. e3 Bg7 6. Bd3 O-O 7. O-O c6 8. Re1
h6 9. Bxf6 Nxf6 10. h3 Re8 11. e4 dxe4 12. Nxe4 Qb6 13. b3 Nxe4 14. Bxe4 Rd8 15.
c3 c5 16. dxc5 Rxd1 17. cxb6 Rxe1+ 18. Rxe1 axb6 19. c4 Rxa2 20. Bd3 e6 21. Rd1
Kh7 22. h4 f5 23. Bf1 e5 24. Rd8 Ra8 25. Nd2 Bf6 26. Re8 Kg7 27. c5 Kf7 28. Bb5
bxc5 29. Nc4 Ra1+ 30. Kh2 Bxh4 31. Rxc8 Bxf2 32. Nxe5+ Kf6 33. Nd7+ Kg5 34. Ne5
f4 35. g3 fxg3+ 36. Kg2 Rg1+ 37. Kf3 Rb1 38. Bc4 b5 39. Bd5 Re1 40. Nf7+ Kh4 41.
Nxh6 Re3+ 42. Kg2 Re2 43. Rh8 Bd4+ 44. Kf1 Rf2+ 45. Ke1 Bxh8 46. Nf5+ gxf5 47.
b4 Bc3+ 48. Kd1 cxb4 49. Kc1 g2 50. Bxg2 Rxg2 51. Kb1 b3 {White resigns} 0-1

[Event "Team 45 45 League T43"]
[Site "Internet Chess Club"]
[Date "2009.12.26"]
[Round "8"]
[White "Skylab"]
[Black "dabodhi"]
[Result "0-1"]
[WhiteElo "1279"]
[BlackElo "1215"]
[Opening "Caro-Kann: exchange variation"]
[ECO "B13"]
[Time "18:00:10"]
[TimeControl "2700+45"]

1. e4 c6 2. d4 d5 3. exd5 cxd5 4. Nf3 Nc6 5. c4 Nf6 6. cxd5 Nxd5 7. Nc3 a6 8. h3
Bf5 9. Qb3 b5 10. Nxd5 Be4 11. Nf4 Nxd4 12. Nxd4 Qxd4 13. Bxb5+ axb5 14. Qxb5+
Qd7 15. Qxd7+ Kxd7 16. O-O g5 17. Rd1+ Ke8 18. Ne2 Rg8 19. Be3 h5 20. Rd4 f5 21.
f3 Bc6 22. Rd2 f4 23. Bd4 g4 24. hxg4 hxg4 25. fxg4 Rxg4 26. Nc3 f3 27. Rad1 Bh6
28. Rc2 Kf7 29. Rf2 Rag8 30. Rc1 Bxc1 31. Nd1 Rxd4 {White resigns} 0-1

[Event "Team 45 45 League T43"]
[Site "Internet Chess Club"]
[Date "2009.12.28"]
[Round "8"]
[White "aapt"]
[Black "WzeroMN"]
[Result "1/2-1/2"]
[WhiteElo "1211"]
[BlackElo "1191"]
[Opening "Scotch game"]
[ECO "C45"]
[Time "13:00:10"]
[TimeControl "2700+45"]

1. e4 e5 2. Nf3 Nc6 3. d4 exd4 4. Nxd4 Nxd4 5. Qxd4 d6 6. Be2 Nf6 7. O-O Be7 8.
Nc3 b6 9. Qd1 Bb7 10. Bf3 O-O 11. Re1 Rb8 12. Nd5 Nxd5 13. exd5 Bg5 14. Qd3 Bxc1
15. Raxc1 Qc8 16. Be4 f5 17. Bf3 Ba6 18. Qc3 Qd7 19. Rcd1 Rfe8 20. h3 Rxe1+ 21.
Rxe1 Re8 22. g4 fxg4 23. Bxg4 Rxe1+ 24. Qxe1 Qd8 25. Qe6+ Kh8 26. Qf7 Bb5 27.
Be6 Qe8 28. Qf5 Qe7 29. Qf4 Qe8 30. Qf5 Qe7 31. Qf4 Qe8 32. Qf5 Qe7 {Game drawn
by repetition} 1/2-1/2

[Event "Team 45 45 League T43"]
[Site "Internet Chess Club"]
[Date "2009.12.21"]
[Round "8"]
[White "Vaigpertu"]
[Black "easycure"]
[Result "1/2-1/2"]
[WhiteElo "2238"]
[BlackElo "2399"]
[Opening "Benoni: fianchetto, 11...Re8"]
[ECO "A64"]
[Time "16:03:48"]
[TimeControl "2700+45"]

1. d4 e6 2. c4 Nf6 3. g3 c5 4. d5 exd5 5. cxd5 d6 6. Nc3 g6 7. Bg2 Bg7 8. Nf3
O-O 9. Nd2 a6 10. a4 Nbd7 11. O-O Re8 12. h3 Rb8 13. Nc4 Nb6 14. Na3 Bd7 15. Re1
Nxa4 16. Nxa4 b5 17. Nc3 b4 18. Qd3 bxa3 19. Rxa3 Bb5 20. Nxb5 axb5 21. Bg5 h6
22. Bxf6 Qxf6 23. b3 Qc3 24. Rf1 Qxd3 25. exd3 Re2 26. Ra6 Rd8 27. b4 cxb4 28.
Rb1 Bc3 29. g4 Rde8 30. Be4 f5 31. gxf5 gxf5 32. Bxf5 Re1+ 33. Rxe1 Rxe1+ 34.
Kg2 Bd4 35. Rxd6 b3 36. Re6 {Game drawn by mutual agreement} 1/2-1/2

[Event "Team 45 45 League T43"]
[Site "Internet Chess Club"]
[Date "2009.12.18"]
[Round "8"]
[White "jorobo"]
[Black "nodoy1"]
[Result "0-1"]
[WhiteElo "2143"]
[BlackElo "2109"]
[Opening "Queen's Indian defense"]
[ECO "E12"]
[Time "15:01:16"]
[TimeControl "2700+45"]

1. d4 Nf6 2. c4 e6 3. Nf3 b6 4. Bg5 h6 5. Bh4 g5 6. Bg3 Ne4 7. Nbd2 Nxg3 8. hxg3
Bg7 9. e3 Bb7 10. Bd3 d6 11. Be4 Bxe4 12. Nxe4 f5 13. Nfxg5 hxg5 14. Rxh8+ Bxh8
15. Qh5+ Kd7 16. Nxg5 Qf6 17. O-O-O Nc6 18. Rh1 Rg8 19. Qh7+ Ne7 20. Nf3 Bg7 21.
Qh2 Rh8 22. Qg1 c5 23. Rxh8 Bxh8 24. Qd1 Nc6 25. Qa4 Kc7 26. Qa3 a5 27. dxc5
dxc5 28. Qb3 Qd8 29. a3 e5 30. Qc2 e4 31. Ne1 Ne5 32. b3 Nd3+ 33. Nxd3 exd3 34.
Qd2 Qd6 35. Kd1 Qd7 36. Ke1 Kb7 37. Kd1 Ka6 38. Ke1 b5 39. cxb5+ Qxb5 40. e4
Qxb3 41. Qh6+ Kb5 42. Qxh8 Qc2 43. Qe8+ Kc4 44. Qh5 d2+ {White resigns} 0-1